 Dungeon Crawl Stone Soup version 0.18.1-5-g4a78601 (webtiles) character file.

2272 Mefis the Magician (level 9, -4/49 HPs)
             Began as a Deep Elf Wizard on May 11, 2016.
             Was a Follower of Sif Muna.
             Killed from afar by an electric eel (9 damage)
             ... with a bolt of electricity
             ... on level 6 of the Dungeon.
             The game lasted 00:19:44 (7756 turns).

Mefis the Magician (Deep Elf Wizard)                Turns: 7756, Time: 00:19:46

Health: -4/49      AC:  5    Str:  5    XL:     9   Next: 16%
Magic:  17/21      EV: 14    Int: 26    God:    Sif Muna [*.....]
Gold:   200        SH:  0    Dex: 11    Spells: 7 memorised, 7 levels left

rFire  . . .     SeeInvis +     v - +2 falchion (slice)
rCold  + . .     Gourm    .     a - +0 robe
rNeg   + . .     Faith    .     (no shield)
rPois  .         Spirit   .     b - +0 hat
rElec  .         Dismiss  .     s - +0 cloak (curse)
rCorr  .         Reflect  .     x - +1 pair of gloves "Qegar" {rC+ Dex-2 SInv}
SustAt +         Harm     .     (no boots)
MR     .....                    (no amulet)
Stlth  +++.......               C - ring of positive energy
                                o - ring of sustain attributes

@: not resistant to hostile enchantments, fairly stealthy
A: no striking features
a: Channel Energy, Renounce Religion


You were on level 6 of the Dungeon.
You worshipped Sif Muna.
Sif Muna was aware of your devotion.
You were not hungry.

You visited 2 branches of the dungeon, and saw 7 of its levels.

You collected 200 gold pieces.

Inventory:

Hand Weapons
 h - a +0 short sword
 v - a +2 falchion of slicing (weapon)
 E - a cursed -3 dagger
Missiles
 e - 45 sling bullets
 f - 38 arrows
 u - 12 poisoned needles
Armour
 a - a +0 robe (worn)
 b - a +0 hat (worn)
 n - a +0 leather armour of cold resistance
 s - a cursed +0 cloak (worn)
 x - the +1 pair of gloves "Qegar" (worn) {rC+ Dex-2 SInv}
   (You found it on level 4 of the Dungeon)

   It affects your dexterity (-2).
   It protects you from cold.
   It lets you see invisible.
Jewellery
 o - a ring of sustain attributes (left hand)
 C - a ring of positive energy (right hand)
Scrolls
 g - 2 scrolls of blinking
 i - 2 scrolls of noise
 k - 3 scrolls of teleportation
 m - 2 scrolls of magic mapping {unknown}
 p - a scroll of amnesia {unknown}
 t - 2 scrolls of recharging {unknown}
 w - a scroll of random uselessness {unknown}
 y - 4 scrolls of remove curse
Potions
 l - 3 potions of flight {unknown}
 r - 2 potions of curing
 A - a potion of brilliance {unknown}
 B - a potion of resistance {unknown}
Books
 c - a book of Minor Magic

   Spells                             Type                      Level
   a - Magic Dart                     Conjuration                  1
   b - Blink                          Translocation                2
   c - Call Imp                       Summoning                    2
   d - Repel Missiles                 Charms/Air                   2
   e - Slow                           Hexes                        2
   f - Conjure Flame                  Conjuration/Fire             3
   g - Mephitic Cloud                 Conjuration/Poison/Air       3
 j - a Grand Grimoire

   Spells                             Type                      Level
   a - Monstrous Menagerie            Summoning                    7
   b - Summon Greater Demon           Summoning                    7
   c - Malign Gateway                 Summoning/Translocation      7
   d - Summon Horrible Things         Summoning                    8
Comestibles
 q - 2 meat rations
 z - a slice of pizza
 D - 4 fruits


   Skills:
 + Level 2.7 Fighting
 - Level 0.2(1.8) Short Blades
 + Level 2.7 Long Blades
 + Level 5.1 Dodging
 + Level 5.9 Stealth
 + Level 7.2 Spellcasting
 + Level 5.2 Conjurations
 + Level 2.9 Hexes
 + Level 4.1 Summonings
 - Level 1.1 Translocations
 + Level 3.7 Fire Magic
 + Level 4.0 Poison Magic


You had 7 spell levels left.
You knew the following spells:

 Your Spells              Type           Power        Failure   Level  Hunger
a - Magic Dart            Conj           ####         1%          1    None
b - Call Imp              Summ           ####....     1%          2    None
c - Blink                 Tloc           N/A          10%         2    None
d - Repel Missiles        Chrm/Air       #.....       12%         2    None
e - Mephitic Cloud        Conj/Pois/Air  ####....     8%          3    None
f - Conjure Flame         Conj/Fire      ####....     3%          3    None
g - Slow                  Hex            ###.....     2%          2    None


Dungeon Overview and Level Annotations

Branches:
Dungeon (6/15)             Temple (1/1) D:5

Altars:
Ashenzari
Dithmenos
Fedhas
Gozag
Kikubaaqudgha
Makhleb
Nemelex Xobeh
Okawaru
Ru
Sif Muna
Trog
Vehumet
Xom
Yredelemnul
Zin
The Shining One


Message History

The electric eel shoots out a bolt of lightning at you!
The bolt of electricity misses you.
The electric eel shoots out a bolt of lightning at you!
The bolt of electricity hits you!
Casting: Magic Dart
Confirm with . or Enter, or press ? or * to list all spells.
Aiming: Magic Dart
Press: ? - help, Shift-Dir - straight line, f/p - electric eel
Aim: an electric eel (heavily wounded)
The magic dart hits the electric eel.
The electric eel is severely wounded.
The electric eel shoots out a bolt of lightning at you!
The bolt of electricity hits you!
* * * LOW HITPOINT WARNING * * *
The electric eel shoots out a bolt of lightning at you!
The bolt of electricity hits you!
* * * LOW HITPOINT WARNING * * *
The electric eel shoots out a bolt of lightning at you!
The bolt of electricity hits you!
You die...

≈≈........................####P≈P
.............................#.≈≈
.............#...............##.♣
≈.....<..P...#...............##..
PP...#.P.≈.P....................>
♣≈≈≈................####
≈≈≈;................#
≈≈≈.................#
≈≈≈.##@########....# ;≈ #.......#
#...## #.......# #...# ........#
#..## .#.......# #..# P.........#
#### ♣. ........# ..../......#


You could see an electric eel.

Vanquished Creatures
  The ghost of bollicks1999 the Covert, a novice OpAs (D:4)
  Grinder (D:6)
  A hippogriff (D:6)
  Menkaure (D:6)
  An ice beast (D:6)
  2 ogres (D:4)
  A giant frog (D:6)
  Blork the orc (D:5)
  A gnoll sergeant (D:6)
  A wyvern skeleton (D:6)
  4 wights (D:5)
  A howler monkey (D:4)
  2 electric eels (D:6)
  3 crimson imps (D:5)
  2 giant frog zombies
  A jelly (D:5)
  2 hounds
  7 orc wizards
  An iguana (D:6)
  4 worker ants
  A hound zombie (D:5)
  A worker ant zombie (D:5)
  A howler monkey zombie (D:5)
  3 gnolls (D:6)
  7 adders
  A shadow imp (D:5)
  3 worms
  A dart slug (D:4)
  5 giant geckos
  19 orcs
  6 giant cockroaches
  5 goblins
  4 hobgoblins
  5 jackals
  3 quokkas
  9 bats
  6 giant newts
  5 kobolds
  A quokka skeleton (D:4)
  10 rats
  A spectral orc (D:5)
135 creatures vanquished.

Vanquished Creatures (collateral kills)
  A kobold (D:2)
1 creature vanquished.

Vanquished Creatures (others)
  A plant (D:6)
1 creature vanquished.

Grand Total: 137 creatures vanquished

Notes
Turn   | Place    | Note
--------------------------------------------------------------
     0 | D:1      | Mefis the Deep Elf Wizard began the quest for the Orb.
     0 | D:1      | Reached XP level 1. HP: 10/10 MP: 7/7
   345 | D:1      | Reached XP level 2. HP: 15/15 MP: 5/9
   381 | D:1      | Learned a level 2 spell: Call Imp
   384 | D:1      | Learned a level 2 spell: Blink
   387 | D:1      | Learned a level 2 spell: Repel Missiles
  1058 | D:2      | Reached skill level 5 in Spellcasting
  1058 | D:2      | Reached XP level 3. HP: 19/19 MP: 4/11
  2193 | D:3      | Reached XP level 4. HP: 24/24 MP: 9/13
  2198 | D:3      | Learned a level 3 spell: Mephitic Cloud
  2202 | D:3      | Learned a level 3 spell: Conjure Flame
  2879 | D:3      | Reached skill level 1 in Fire Magic
  3181 | D:3      | Reached XP level 5. HP: 28/28 MP: 11/14
  3218 | D:4      | Noticed an ogre
  3224 | D:4      | Killed an ogre
  3224 | D:4      | Reached skill level 1 in Poison Magic
  3364 | D:3      | Reached XP level 6. HP: 16/32 MP: 0/16
  3523 | D:3      | Learned a level 2 spell: Slow
  3986 | D:4      | Got a pair of bloodstained gloves
  3992 | D:4      | Identified the +1 pair of gloves "Qegar" {rC+ Dex-2 SInv} (You found it on level 4 of the Dungeon)
  4209 | D:4      | Noticed bollicks1999's ghost (novice OpAs)
  4232 | D:4      | Killed bollicks1999's ghost
  4232 | D:4      | Reached skill level 1 in Fighting
  4232 | D:4      | Reached skill level 6 in Spellcasting
  4232 | D:4      | Reached XP level 7. HP: 38/38 MP: 3/18
  4340 | D:4      | Reached skill level 1 in Long Blades
  4534 | D:5      | Entered Level 5 of the Dungeon
  4861 | D:5      | Found a staircase to the Ecumenical Temple.
  4869 | Temple   | Entered the Ecumenical Temple
  4876 | Temple   | Became a worshipper of Sif Muna the Loreminder
  5008 | D:5      | Noticed Blork the orc
  5018 | D:5      | Killed Blork the orc
  5292 | D:5      | Reached XP level 8. HP: 40/43 MP: 8/19
  5966 | D:5      | Reached skill level 5 in Stealth
  5966 | D:5      | Reached skill level 1 in Hexes
  6096 | D:5      | Found a basalt altar of Yredelemnul.
  6541 | D:6      | Noticed Menkaure
  6560 | D:6      | Killed Menkaure
  6907 | D:6      | Reached * piety under Sif Muna
  6907 | D:6      | Reached skill level 5 in Dodging
  6907 | D:6      | Reached skill level 7 in Spellcasting
  6981 | D:6      | Reached skill level 5 in Conjurations
  7273 | D:6      | Reached XP level 9. HP: 34/49 MP: 15/21
  7520 | D:6      | Noticed Grinder
  7540 | D:6      | Killed Grinder
  7756 | D:6      | Killed from afar by an electric eel

Skill      XL: |  1  2  3  4  5  6  7  8  9 |
---------------+----------------------------+-----
Conjurations   | 2 3 4 5 |  5.2
Spellcasting   | 5 6 7 |  7.2
Stealth        | 3 4 5 |  5.9
Summonings     | 2 3 4 |  4.1
Fire Magic     | 1 2 3 |  3.7
Dodging        | 3 4 5 |  5.1
Poison Magic   | 1 2 3 4 |  4.0
Fighting       | 1 2 |  2.7
Long Blades    | 1 2 |  2.7
Hexes          | 2 |  2.9
Short Blades   | |  0.2
Translocations | |  1.1

Action                   |  1- 3 |  4- 6 |  7- 9 || total
-------------------------+-------+-------+-------++-------
Melee: Short sword       |    16 |    23 |       ||    39
       Falchion          |       |     3 |    28 ||    31
 Cast: Magic Dart        |    84 |   139 |   263 ||   486
       Call Imp          |     2 |     1 |     3 ||     6
       Repel Missiles    |     1 |       |       ||     1
       Mephitic Cloud    |       |     6 |     7 ||    13
       Conjure Flame     |       |     2 |    11 ||    13
       Blink             |       |       |     1 ||     1
  Use: Scroll            |       |     3 |     1 ||     4
 Stab: Sleeping          |     2 |     3 |     2 ||     7
       Distracted        |     1 |       |       ||     1
       Confused          |       |     1 |       ||     1
  Eat: Chunk             |     4 |     6 |     2 ||    12
       Bread ration      |       |       |     2 ||     2
Armor: Robe              |    15 |     6 |    15 ||    36
Dodge: Dodged            |    25 |    29 |    50 ||   104
       Deflected         |       |       |     1 ||     1
